Map: Imperio eterno EE

Players

lIIIlIIIlIII

  • Race: Terran Terran
  • League: Platinum
  • Spawn Location: 7:00

MrFercho - Winner!

  • Race: Zerg Zerg
  • League: Gold
  • Spawn Location: 1:00

VOD

Have the link to the VOD?

Description

Time

  • Played on: Aug. 18, 2020, 9:09 p.m.
  • Length: 11:15
Show
View Real Time Build Order
Export as new Build Order

lIIIlIIIlIII Terran 

Build Orders: Hellion Banshee 

Get SALT Encoding   

  12  0:00  SCV  
  13  0:12  SCV  
  14  0:18  Supply Depot  
  14  0:24  SCV  
  15  0:35  Refinery  
  15  0:40  SCV  
  16  0:47  Barracks  
  16  0:52  SCV  
  17  1:04  Refinery  
  17  1:05  SCV  
  18  1:19  SCV  
  19  1:31  SCV  
  20  1:39  Marine  
  20  1:44  Orbital Command  
  21  1:51  Factory  
  21  2:00  Barracks Reactor, Supply Depot  
  21  2:10  SCV  
  22  2:23  SCV  
  23  2:35  SCV  
  24  2:43  Starport  
  24  2:47  Hellion x2, SCV  
  29  2:56  Supply Depot, Barracks Tech Lab  
  29  3:01  SCV  
  30  3:27  Barracks Tech Lab  
  30  3:28  Command Center  
  30  3:34  SCV  
  30  3:37  Cloaking Field, Banshee  
  34  3:46  SCV  
  35  3:52  Hellion x2  
  39  4:17  Bunker  
  39  4:22  Hellion x2, Banshee  
  38  4:56  Hellion x2  
  38  4:58  Hyperflight Rotors  
  42  5:06  Banshee  
  44  5:19  Orbital Command  
  42  5:23  Refinery  
  42  5:24  Refinery, SCV  
  43  5:36  Hellion x2, SCV  
  43  5:42  Factory  
  48  5:47  Barracks Reactor  
  48  5:48  SCV  
  49  5:55  SCV  
  50  5:58  Armory  
  50  6:00  SCV  
  51  6:07  SCV  
  52  6:15  Banshee  
  56  6:33  Factory Reactor  
  52  6:41  SCV  
  52  6:45  Barracks Reactor, Factory, SCV  
  54  6:48  Factory  
  54  6:53  SCV  
  54  6:54  Supply Depot  
  55  6:57  Supply Depot, Banshee, SCV  
  55  6:59  Hellion  
  61  7:06  Command Center  
  61  7:08  Starport  
  63  7:16  Hellion  
  57  7:43  Hellion x3  
  59  7:47  Banshee, Starport Tech Lab  
  62  7:56  Factory  
  62  7:58  SCV x2  
  64  7:59  Factory  
  64  8:01  Supply Depot  
  64  8:03  Supply Depot  
  64  8:10  SCV  
  65  8:21  Hellion x2, Banshee  
  66  8:29  Banshee  
  69  8:37  SCV  
  69  8:38  SCV  
  69  8:39  SCV  
  69  8:40  Terran Vehicle And Ship Armor Level 1  
  72  8:46  Hellion x3  
  78  8:50  Factory Reactor, SCV  
  78  8:51  Factory Reactor  
  78  8:54  Engineering Bay  
  71  9:05  Hellion x2  
  71  9:06  Banshee  
  71  9:07  Hellion  
  80  9:13  Supply Depot  
  80  9:14  Supply Depot  
  80  9:21  SCV  
  80  9:24  Hellion, Banshee  
  86  9:25  Hellion  
  86  9:26  SCV  
  86  9:27  SCV  
  90  9:33  Refinery  
  90  9:34  SCV  
  90  9:35  Refinery  
  91  9:48  Banshee  
  91  9:52  Hellion x3  
  95  9:53  Hellion x4  
  95  9:58  Hellion x2  
Show
View Real Time Build Order
Export as new Build Order

MrFercho Zerg - Winner!

Build Orders: Hatch First 

Get SALT Encoding   

  12  0:00  Drone  
  13  0:13  Overlord  
  13  0:17  Drone  
  14  0:31  Drone x2  
  16  0:51  Hatchery  
  16  0:55  Drone  
  16  0:58  Drone  
  17  1:11  Drone x2  
  19  1:15  Extractor  
  18  1:24  Spawning Pool  
  18  1:25  Drone  
  18  1:28  Drone  
  19  1:43  Drone  
  20  1:51  Overlord  
  20  2:03  Drone  
  21  2:13  Zergling x4  
  21  2:14  Queen x2  
  27  2:18  Drone  
  28  2:32  Drone x2  
  28  2:35  Drone  
  28  2:36  Drone  
  32  2:59  Evolution Chamber  
  32  3:02  Evolution Chamber  
  30  3:07  Overlord x3  
  30  3:14  Zergling x4  
  30  3:15  Zergling x2  
  30  3:17  Metabolic Boost  
  33  3:20  Lair  
  33  3:29  Drone  
  33  3:30  Drone x3  
  33  3:31  Queen  
  39  3:41  Spine Crawler  
  36  4:03  Zergling x10  
  36  4:04  Zergling x4  
  42  4:10  Zerg Melee Weapons Level 1  
  42  4:12  Drone x2  
  42  4:13  Drone x2  
  46  4:37  Evolution Chamber  
  40  4:58  Spore Crawler  
  39  5:00  Spore Crawler  
  39  5:03  Drone x9  
  45  5:15  Hydralisk Den  
  42  5:33  Spine Crawler  
  41  5:36  Extractor, Overlord x2  
  41  5:37  Extractor  
  41  5:38  Drone x6  
  45  5:49  Queen  
  45  6:00  Hydralisk x4  
  53  6:18  Queen  
  53  6:19  Hydralisk  
  53  6:20  Hydralisk x2  
  53  6:24  Queen  
  61  6:29  Overseer  
  61  6:43  Drone x5  
  66  6:57  Zergling x2  
  67  7:04  Extractor  
  67  7:08  Zerg Melee Weapons Level 2, Zerg Missile Weapons Level 1  
  66  7:15  Roach Warren  
  65  7:22  Hatchery  
  64  7:23  Extractor  
  64  7:24  Hatchery  
  64  7:28  Drone x3  
  64  7:29  Drone x2  
  56  7:46  Zergling x10  
  56  7:49  Muscular Augments  
  61  8:02  Queen  
  61  8:03  Overseer  
  63  8:08  Zergling x10  
  68  8:17  Overlord  
  68  8:18  Overlord x2  
  68  8:34  Infestation Pit  
  67  8:43  Baneling Nest  
  64  8:57  Hydralisk x4  
  64  8:58  Hydralisk x5  
  64  9:01  Grooved Spines  
  82  9:14  Zergling x18  
  82  9:15  Zergling x4  
  93  9:38  Baneling x3  
  93  9:39  Baneling x8  
  78  10:09  Hydralisk x6  
Tags
 
Composition
Hellion Banshee
Matchup
TvZ
Replay Pack
MrFercho
Spawn Locations
Cross Positions
Add a new tag
Caveats
  • Supply blocks, unpowered buildings, or Contaminate may cause inaccurate times.
  • Supply counts are checked every 10 seconds.